 Dungeon Crawl Stone Soup version 0.25-a0-24-g72dcfe0359 (webtiles) character file.

Game seed: 15773594021816767532, levelgen mode: deterministic

1097 Gynju the Magician (level 8, -6/41 HPs)
             Began as a Deep Elf Fire Elementalist on Oct 16, 2019.
             Was an Initiate of Vehumet.
             Mangled by a wight
             ... wielding a cursed +5 morningstar
              (8 damage)
             ... on level 6 of the Dungeon on Oct 17, 2019.
             The game lasted 00:11:24 (5047 turns).

Gynju the Magician (Deep Elf Fire Elementalist)     Turns: 5047, Time: 00:11:25

Health: -6/41      AC:  5    Str:  5    XL:     8   Next: 10%
Magic:  1/20       EV: 15    Int: 23    God:    Vehumet [......]
Gold:   273        SH:  4    Dex: 15    Spells: 14/20 levels left

rFire    + . .     SeeInvis +   k - +3 whip (pain)
rCold    x . .     Gourm    .   u - +0 buckler (curse)
rNeg     . . .     Faith    .   a - +1 robe
rPois    .         Spirit   .   n - +2 hat
rElec    .         Reflect  .   (no cloak)
rCorr    .         Harm     .   (no gloves)
MR       .....                  (no boots)
Stlth    ++........             (no amulet)
HPRegen  0.13/turn              t - ring of see invisible
MPRegen  0.17/turn              m - ring of fire

@: very slightly contaminated, lightly drained
A: no striking features
a: Renounce Religion


You were on level 6 of the Dungeon.
You worshipped Vehumet.
Vehumet was noncommittal.
You were hungry.

You visited 2 branches of the dungeon, and saw 7 of its levels.

You collected 273 gold pieces.

Inventory:

Hand Weapons
 k - a +3 whip of pain (weapon)
Armour
 a - a +1 robe (worn)
 n - a +2 hat (worn)
 u - a cursed +0 buckler (worn)
Jewellery
 l - an uncursed ring of ice
 m - a ring of fire (right hand)
 t - a ring of see invisible (left hand)
Wands
 q - a wand of paralysis (11)
Scrolls
 b - 5 scrolls of remove curse {@r2}
 g - a scroll of identify {@r1}
Potions
 h - 2 potions of curing {@q1}
 o - a potion of degeneration
 p - a potion of mutation
 r - a potion of brilliance
Comestibles
 c - 5 rations
 v - 4 chunks of flesh


   Skills:
 + Level 1.1 Armour
 - Level 5.6 Dodging
 - Level 2.4 Stealth
 + Level 1.1 Shields
 + Level 6.7 Spellcasting
 + Level 5.1 Conjurations
 + Level 6.0 Fire Magic


You had 14 spell levels left.
You knew the following spells:

 Your Spells              Type           Power        Failure   Level  Hunger
a - Flame Tongue          Conj/Fire      #####        1%          1    None
b - Throw Flame           Conj/Fire      ######       1%          2    None
c - Conjure Flame         Conj/Fire      ######..     3%          3    None

Your spell library contained the following spells:

 Spells                   Type           Power        Failure   Level  Hunger
 Inner Flame              Hex/Fire       ####....     10%         3    None
 Sticky Flame             Conj/Fire      ######..     12%         4    ###....
 Fireball                 Conj/Fire      ######....   32%         5    #####..


Dungeon Overview and Level Annotations

Branches:
Dungeon (6/15)             Temple (1/1) D:4

Altars:
Cheibriados
Dithmenos
Elyvilon
Fedhas
Gozag
Hepliaklqana
Kikubaaqudgha
Makhleb
Nemelex Xobeh
Okawaru
Qazlal
Ru
Sif Muna
Trog
Uskayaw
Vehumet
Wu Jian
Xom
Yredelemnul
Zin
The Shining One

Shops:
D:5 =

Annotations:
D:5 2 transporters, topfpfpflanze's ghost, novice OgEE


Message History

You easily resist.
The orc warrior misses you.
Casting: Flame Tongue (safe; 1% risk of failure)
Confirm with . or Enter, or press ? or * to list all spells.
You don't have enough magic to cast that spell.
Casting: Flame Tongue (safe; 1% risk of failure)
Confirm with . or Enter, or press ? or * to list all spells.
You don't have enough magic to cast that spell.
Casting: Flame Tongue (safe; 1% risk of failure)
Confirm with . or Enter, or press ? or * to list all spells.
You don't have enough magic to cast that spell.
You barely miss the wight.
The orc wizard hits you but does no damage.
The orc warrior hits you with a +0 hand axe!
* * * LOW HITPOINT WARNING * * *
The wight barely misses you.
You hit the wight but do no damage. The orc wizard closely misses you.
The orc warrior hits you with a +0 hand axe.
* * * LOW HITPOINT WARNING * * *
The wight hits you with a cursed +5 morningstar!
You die...

### #..
#.# #z#
########@#
#...ooooo#
#.########
#.# #.#
#.# #.#
##.# #..#


You could see an orc warrior, a wight, an orc wizard (invisible) and 3 orcs.

Vanquished Creatures
  An orc warrior (D:6)
  An ice beast (D:5)
  3 ogres
  2 scorpions (D:5)
  A water moccasin skeleton (D:6)
  2 wights (D:6)
  A howler monkey (D:4)
  A bullfrog zombie (D:5)
  3 hounds (D:4)
  An orc wizard (D:6)
  A bullfrog skeleton (D:4)
  A centaur skeleton (D:4)
  4 gnolls (D:4)
  5 adders
  2 shadow imps
  An ooze (D:3)
  An adder skeleton (D:5)
  A worm (D:3)
  2 dart slugs
  2 leopard geckos (D:5)
  3 orcs
  8 bats
  14 giant cockroaches
  A goblin (D:1)
  10 hobgoblins
  A jackal (D:2)
  3 quokkas
  5 frilled lizards
  A giant cockroach zombie (D:5)
  4 kobolds
  A quokka skeleton (D:4)
  6 rats
93 creatures vanquished.

Notes
Turn   | Place    | Note
-------+----------+-------------------------------------------
     0 | D:1      | Gynju the Deep Elf Fire Elementalist began the quest for
                  | the Orb.
     0 | D:1      | Reached XP level 1. HP: 10/10 MP: 6/6
   348 | D:1      | Reached XP level 2. HP: 15/15 MP: 6/8
   928 | D:2      | Reached XP level 3. HP: 18/19 MP: 3/10
   934 | D:2      | Learned a level 2 spell: Throw Flame
   938 | D:2      | Learned a level 3 spell: Conjure Flame
  1601 | D:2      | Reached XP level 4. HP: 24/24 MP: 7/11
  1782 | D:3      | Noticed an ogre
  2060 | D:3      | Killed an ogre
  2060 | D:3      | Reached XP level 5. HP: 28/28 MP: 3/13
  2167 | D:3      | Found a snail-covered altar of Cheibriados.
  2748 | D:4      | Reached XP level 6. HP: 24/32 MP: 7/15
  2843 | D:4      | Reached skill level 5 in Spellcasting
  2917 | D:4      | Found a staircase to the Ecumenical Temple.
  2943 | Temple   | Entered the Ecumenical Temple
  3211 | Temple   | Became a worshipper of Vehumet
  3449 | D:4      | Reached skill level 5 in Dodging
  3449 | D:4      | Reached skill level 5 in Fire Magic
  3490 | D:4      | Reached XP level 7. HP: 36/36 MP: 14/17
  3721 | D:5      | Entered Level 5 of the Dungeon
  4021 | D:5      | Found a transporter.
  4022 | D:5      | Noticed topfpfpflanze's ghost (novice OgEE)
  4128 | D:5      | Found a sacrificial altar of Ru.
  4534 | D:5      | Found Piel's Jewellery Shoppe.
  4542 | D:5      | Found the +8 orange crystal plate armour {Archmagi, Int+3
                  | Clar}
  4759 | D:5      | Found a transporter.
  4940 | D:5      | Upgraded the game from 0.25-a0-21-ga5a8db46c7 to
                  | 0.25-a0-24-g72dcfe0359
  4999 | D:6      | Reached skill level 5 in Conjurations
  5002 | D:6      | Reached XP level 8. HP: 36/41 MP: 8/19
  5041 | D:6      | Reached skill level 1 in Armour
  5041 | D:6      | Reached skill level 1 in Shields
  5047 | D:6      | HP: 2/41 [orc warrior/+0 hand axe (2)]
  5047 | D:6      | Mangled by a wight

Levels and vault maps discovered:
D:1:      evilmike_arrival_crescent, layout_basic
D:2:      minmay_roachtagon, layout_basic, minmay_split_cup_small
D:3:      layout_rooms, minmay_misc_feat_cross, minivault_23,
          kennysheep_slug_shrine
D:4:      layout_cave_pools, minmay_temple_entry_hall
D:5:      layout_gridville, first_ration, gammafunk_ghost_smash, serial_shops,
          shop, abandoned_shop, minmay_ruined_shrine
D:6:      layout_loops_ring, uniq_crazy_yiuf_cottage
Temple:   compressed_dpeg_circular_temple

Skill      XL: |  1  2  3  4  5  6  7  8 |
---------------+-------------------------+-----
Dodging        | 3 4 5 |  5.6
Conjurations   | 2 3 4 5 |  5.1
Spellcasting   | 4 5 6 |  6.7
Fire Magic     | 4 5 6 |  6.0
Armour         | 1 |  1.1
Shields        | 1 |  1.1
Stealth        | |  2.4

Action                   |  1- 3 |  4- 6 |  7- 9 || total
-------------------------+-------+-------+-------++-------
Melee: Mace              |     1 |       |       ||     1
       Whip              |       |       |    43 ||    43
 Cast: Flame Tongue      |    69 |    80 |    53 ||   202
       Conjure Flame     |       |     1 |     4 ||     5
       Throw Flame       |       |       |    11 ||    11
  Use: Scroll            |     1 |       |    10 ||    11
 Stab: Sleeping          |       |       |     1 ||     1
  Eat: Chunk             |     2 |     6 |     4 ||    12
Armor: Robe              |     3 |     4 |     1 ||     8
       Crystal plate arm |       |       |    32 ||    32
Dodge: Dodged            |    19 |    31 |    27 ||    77
Block: Buckler           |       |       |     7 ||     7

Table legend:
 A = Non-vault XP
 B = Vault XP
 C = Vault XP percentage of total XP
 D = Non-vault monster count
 E = Vault monster count
 F = Vault count percentage of total count
                 A         B        C        D         E       F
            +---------+---------+-------+---------+---------+-------
      Total |    1251 |     317 |  20.2 |      73 |      20 |  21.5
            +---------+---------+-------+---------+---------+-------
        D:1 |      22 |       0 |   0.0 |      13 |       0 |   0.0
        D:2 |      53 |      24 |  31.2 |      18 |      12 |  40.0
        D:3 |     150 |       4 |   2.6 |      12 |       1 |   7.7
        D:4 |     595 |       0 |   0.0 |      19 |       0 |   0.0
        D:5 |      70 |     289 |  80.5 |       6 |       7 |  53.8
        D:6 |     361 |       0 |   0.0 |       5 |       0 |   0.0
            +---------+---------+-------+---------+---------+-------
